Map: 필러스 오브 골드 - 래더

Players

Zoun

  • Race: Protoss Protoss
  • Spawn Location: 1:00

Vanya - Winner!

  • Race: Zerg Zerg
  • Spawn Location: 7:00

Event: StayAtHome Story Cup #3

VOD

Have the link to the VOD?

Description

Time

  • Played on: March 11, 2021, 8:24 a.m.
  • Length: 11:06

All games in this series

Show
View Real Time Build Order
Export as new Build Order

Zoun Protoss 

Build Orders: 1 Gate Expand, Oracle Opening 

Get SALT Encoding   

  12  0:00  Probe  
  13  0:12  Probe  
  14  0:20  Pylon  
  14  0:24  Probe  
  15  0:38  Probe (Chrono Boost)  
  15  0:41  Gateway  
  16  0:47  Probe (Chrono Boost)  
  17  0:51  Assimilator  
  17  0:52  Probe (Chrono Boost)  
  18  1:04  Probe  
  19  1:16  Probe  
  20  1:28  Nexus  
  20  1:38  Cybernetics Core  
  20  1:41  Probe  
  21  1:49  Assimilator  
  21  1:53  Probe  
  22  1:56  Pylon  
  22  2:05  Probe  
  23  2:12  Adept (Chrono Boost)  
  23  2:15  Warp Gate  
  25  2:17  Probe  
  26  2:29  Probe (Chrono Boost)  
  27  2:32  Stargate  
  27  2:37  Adept  
  27  2:40  Probe (Chrono Boost)  
  27  2:42  Probe (Chrono Boost)  
  31  2:49  Probe (Chrono Boost)  
  31  2:50  Probe (Chrono Boost)  
  33  2:54  Probe (Chrono Boost)  
  33  2:56  Probe  
  35  3:06  Probe  
  35  3:07  Void Ray (Chrono Boost)  
  35  3:09  Adept  
  38  3:13  Gateway  
  42  3:21  Pylon  
  42  3:23  Probe  
  42  3:25  Probe  
  44  3:36  Probe  
  44  3:38  Probe  
  46  3:43  Oracle (Chrono Boost)  
  45  3:53  Probe x2  
  45  3:55  Pylon  
  47  4:04  Adept  
  47  4:05  Probe  
  47  4:07  Probe, Adept  
  53  4:17  Probe  
  53  4:22  Probe, Nexus  
  53  4:23  Pylon, Assimilator  
  55  4:27  Assimilator  
  55  4:30  Stargate  
  55  4:32  Probe  
  55  4:35  Probe  
  57  4:42  Void Ray  
  57  4:44  Probe  
  58  4:47  Probe  
  63  4:55  Shield Battery  
  63  4:58  Forge, Robotics Facility  
  63  5:01  Probe  
  63  5:05  Probe  
  65  5:09  Void Ray (Chrono Boost)  
  65  5:14  Probe  
  70  5:25  Pylon  
  70  5:28  Void Ray (Chrono Boost)  
  70  5:31  Pylon  
  70  5:33  Probe x2  
  76  5:37  Probe  
  77  5:45  Robotics Bay  
  77  5:46  Probe (Chrono Boost), Shield Battery  
  77  5:48  Probe (Chrono Boost)  
  77  5:49  Probe (Chrono Boost)  
  80  5:53  Void Ray (Chrono Boost)  
  84  5:58  Probe (Chrono Boost)  
  84  5:59  Assimilator  
  84  6:00  Probe (Chrono Boost)  
  84  6:01  Probe (Chrono Boost), Assimilator  
  87  6:06  Probe x2 (Chrono Boost)  
  87  6:07  Probe (Chrono Boost)  
  90  6:12  Probe  
  90  6:13  Probe  
  90  6:14  Gateway  
  90  6:15  Probe, Gateway  
  93  6:23  Gateway  
  93  6:24  Probe  
  94  6:27  Gateway x2, Twilight Council  
  94  6:31  Gateway  
  94  6:32  Gateway  
  94  6:34  Probe, Sentry  
  94  6:37  Disruptor (Chrono Boost)  
  100  6:53  Pylon  
  100  6:56  Pylon  
  100  7:00  Pylon  
  100  7:03  Void Ray (Chrono Boost)  
  100  7:04  Protoss Air Weapons Level 1  
  100  7:05  Photon Cannon, Void Ray (Chrono Boost)  
  100  7:07  Photon Cannon  
  100  7:09  Shield Battery  
  100  7:12  Disruptor (Chrono Boost)  
  100  7:14  Photon Cannon  
  108  7:16  Pylon  
  108  7:21  Shield Battery  
  108  7:24  Photon Cannon, Pylon  
  108  7:27  Charge  
  108  7:35  Disruptor (Chrono Boost)  
  108  7:37  Zealot x3  
  117  7:46  Zealot x4  
  117  7:49  Photon Cannon  
  125  7:53  Templar Archives  
  125  8:02  Zealot x3  
  125  8:03  Disruptor (Chrono Boost), Zealot  
  130  8:20  Pylon  
  130  8:22  Void Ray x2  
  112  8:32  Disruptor (Chrono Boost)  
  112  8:33  Zealot x5  
  123  8:41  Photon Cannon, Pylon  
  123  8:54  Fleet Beacon  
  123  8:55  High Templar x2  
  123  8:57  Sentry  
  123  9:00  Photon Cannon, Warp Prism (Chrono Boost)  
  123  9:01  Archon  
  131  9:05  Probe x2  
  133  9:12  Phoenix x2  
  115  9:25  Stalker x4  
  115  9:26  Stalker  
  119  9:39  Phoenix (Chrono Boost)  
  119  9:41  Stalker x2  
  119  9:44  Phoenix (Chrono Boost)  
  119  9:45  Photon Cannon  
  102  9:55  Stalker  
  88  10:12  Stalker x2  
  91  10:21  Pylon  
  90  10:29  Stalker x4  
  98  10:41  Stalker x4  
  106  10:55  Stalker  
  106  10:56  Stalker  
  98  11:01  Stalker x2  
Show
View Real Time Build Order
Export as new Build Order

Vanya Zerg - Winner!

Build Orders: Hatch First 

Get SALT Encoding   

  12  0:00  Drone  
  13  0:13  Overlord  
  13  0:17  Drone  
  14  0:32  Drone  
  15  0:43  Drone  
  16  0:51  Hatchery  
  16  0:54  Drone  
  16  0:57  Drone  
  16  1:02  Drone  
  18  1:11  Extractor  
  17  1:18  Spawning Pool  
  17  1:21  Drone  
  17  1:24  Drone  
  18  1:30  Drone  
  20  1:40  Drone  
  20  1:50  Overlord  
  20  2:05  Queen, Zergling x4  
  20  2:06  Queen  
  26  2:13  Drone x2  
  28  2:17  Metabolic Boost  
  28  2:23  Drone  
  28  2:24  Drone  
  30  2:43  Hatchery  
  29  2:45  Drone  
  29  2:47  Drone  
  31  2:54  Queen  
  33  3:00  Overlord  
  33  3:03  Drone  
  34  3:08  Drone x2  
  36  3:19  Zergling x4  
  38  3:20  Drone  
  38  3:23  Drone  
  38  3:25  Overlord  
  40  3:30  Drone x2, Queen  
  41  3:44  Drone  
  41  3:46  Drone  
  41  3:47  Drone  
  41  3:48  Drone  
  45  3:50  Drone x3, Spore Crawler  
  47  3:56  Drone  
  47  4:01  Overlord  
  48  4:03  Drone  
  48  4:04  Spore Crawler  
  48  4:07  Drone x2  
  49  4:12  Overlord  
  49  4:18  Overlord  
  49  4:22  Drone x5  
  53  4:27  Queen  
  53  4:30  Drone x2  
  57  4:36  Overlord  
  57  4:37  Drone x2  
  59  4:39  Overlord  
  59  4:46  Roach Warren  
  59  4:49  Lair  
  59  4:52  Drone  
  59  4:53  Drone x2  
  59  4:54  Spore Crawler  
  59  4:56  Drone  
  59  4:57  Drone, Extractor x2  
  59  4:59  Drone x2  
  62  5:04  Drone x3  
  62  5:06  Drone x2  
  67  5:08  Drone  
  67  5:10  Drone  
  67  5:12  Spore Crawler  
  66  5:17  Drone x3  
  66  5:20  Extractor x2  
  67  5:24  Drone, Overlord  
  67  5:25  Drone x2  
  67  5:27  Evolution Chamber  
  69  5:30  Extractor  
  69  5:31  Drone  
  69  5:32  Drone x4  
  73  5:37  Drone  
  73  5:48  Drone x3, Glial Reconstitution  
  73  5:49  Drone, Overseer  
  77  5:54  Queen x2  
  77  5:55  Zerg Missile Weapons Level 1, Queen  
  83  6:09  Overlord  
  83  6:15  Hatchery  
  83  6:17  Roach x6  
  94  6:21  Overlord  
  94  6:27  Overlord  
  94  6:30  Roach x2  
  94  6:31  Zergling x8, Roach  
  104  6:37  Overlord  
  105  6:40  Overlord  
  105  6:43  Extractor  
  105  6:45  Queen x2  
  109  6:47  Hatchery  
  108  6:56  Zergling x10, Roach x4  
  108  6:57  Zergling x2  
  108  6:59  Ravager x4  
  108  7:00  Ravager x2  
  128  7:04  Overlord  
  128  7:12  Overlord  
  128  7:13  Spire  
  127  7:16  Zergling x12  
  127  7:20  Overlord  
  127  7:21  Queen  
  135  7:27  Zergling x10  
  140  7:30  Ravager x2  
  140  7:31  Ravager, Overlord  
  143  7:38  Zergling x12  
  138  7:45  Zergling x2  
  128  8:04  Zergling x20  
  127  8:24  Mutalisk x6  
  127  8:32  Mutalisk x2  
  121  8:35  Mutalisk  
  121  8:39  Mutalisk x6  
  131  8:48  Mutalisk x4  
  131  8:53  Drone, Overlord  
  140  8:56  Mutalisk x2  
  140  8:58  Extractor, Overlord  
  140  9:01  Extractor  
  142  9:03  Drone x4  
  142  9:05  Overlord  
  142  9:06  Mutalisk  
  148  9:20  Mutalisk  
  148  9:21  Mutalisk x2  
  154  9:26  Overlord  
  154  9:30  Mutalisk  
  154  9:39  Mutalisk x2  
  154  9:42  Overlord  
  154  9:43  Zergling x2  
  154  9:44  Zergling x20  
  165  9:49  Queen  
  157  9:59  Mutalisk x5  
  167  10:07  Overlord  
  167  10:09  Roach  
  167  10:10  Roach x6  
  181  10:17  Queen  
  181  10:19  Overlord  
  183  10:23  Hydralisk Den  
  183  10:25  Drone x3  
  185  10:39  Overlord  
  179  10:43  Drone  
  179  10:45  Roach x6  
Tags
 
Add a new tag
Caveats
  • Supply blocks, unpowered buildings, or Contaminate may cause inaccurate times.
  • Supply counts are checked every 10 seconds.